 Dungeon Crawl Stone Soup version 0.30.1-11-g7821555f0a (webtiles) character file.

Game seed: 12778419953471292030

301 Tauromancer the Chopper (level 6, 0/51 HPs)
             Began as a Minotaur Fighter on Dec 21, 2023.
             Slain by a gnoll
             ... wielding a +0 club
              (7 damage)
             ... on level 4 of the Dungeon.
             The game lasted 00:06:29 (2776 turns).

Tauromancer the Chopper (Minotaur Fighter)          Turns: 2776, Time: 00:06:29

Health: 0/51       AC: 12    Str: 23    XL:     6   Next: 14%
Magic:  5/5        EV:  8    Int:  5    God:
Gold:   333        SH:  5    Dex: 15    Spells: 5/5 levels left

rFire   . . .        a - +0 broad axe
rCold   . . .        c - +0 buckler
rNeg    . . .        q - +0 chain mail
rPois   .            (helmet restricted)
rElec   .            k - +0 cloak
rCorr   .            b - +1 Delatra's gloves {ID++}
SInv    .            (no boots)
Will    .....        (no amulet) Stlth
                     s - +6 ring of dexterity
HPRegen 0.28/turn    (no ring)
MPRegen 0.09/turn

%: no passive effects
@: no status effects
A: horns 2, retaliatory headbutt
a: no special abilities


You were on level 4 of the Dungeon.
You visited 1 branch of the dungeon, and saw 4 of its levels.

You collected 333 gold pieces.

Inventory:

Hand Weapons
 a - a +0 broad axe (weapon)
Armour
 b - the +1 Delatra's gloves (worn) {ID++}
   (You found it on level 4 of the Dungeon)

   ID++:      It heals its wearer when they drink unknown potions, and restores
   their MP when they read unknown scrolls.
 c - a +0 buckler (worn)
 i - a +0 pair of boots
 k - a +0 cloak (worn)
 q - a +0 chain mail (worn)
Jewellery
 s - a +6 ring of dexterity (left hand)
Scrolls
 e - a scroll of fog {unknown}
 f - a scroll of immolation {unknown}
 h - a scroll of poison
 n - a scroll of torment {unknown}
 o - a scroll of vulnerability {unknown}
Potions
 d - a potion of might
 g - a potion of berserk rage
 j - 2 potions of curing
 l - a potion of attraction {unknown}
 m - a potion of flight {unknown}
 p - a potion of heal wounds {unknown}
 r - a potion of brilliance {unknown}
 t - a potion of invisibility {unknown}


   Skills:
 - Level 3.6 Fighting
 + Level 7.9 Axes
 - Level 3.6 Armour
 - Level 3.6 Shields


You had 5 spell levels left.
You didn't know any spells.
Your spell library was empty.

Dungeon Overview and Level Annotations

Branches:
Dungeon (4/15)
 Temple: D:4-7

Altars:
Cheibriados
Qazlal
Trog


Innate Abilities, Weirdness & Mutations

You have a pair of horns on your head.
You reflexively headbutt those who attack you in melee.


Message History

The gnoll is lightly wounded.
The gnoll hits you but does no damage.
You slash the gnoll!
You kill the gnoll!
You hit the gnoll but do no damage. The gnoll hits you with a +0 club.
The gnoll drinks a potion.
The gnoll goes berserk!
A gnoll comes into view. It is wielding a +0 flail.
You closely miss the gnoll. The gnoll hits you but does no damage.
You slash the gnoll!
The gnoll is heavily wounded.
The gnoll hits you with a +0 club. You block the gnoll's attack.
You closely miss the gnoll. You headbutt the gnoll.
The gnoll is heavily wounded.
The gnoll hits you but does no damage. The gnoll hits you with a +0 club.
You barely miss the gnoll.
The gnoll is heavily wounded.
You slash the endoplasm!
You kill the endoplasm!
The gnoll hits you but does no damage. The gnoll hits you with a +0 club.
You hit the gnoll.
The gnoll is almost dead.
The gnoll hits you with a +0 club. The gnoll hits you but does no damage.
You barely miss the gnoll.
The gnoll is almost dead.
The gnoll hits you with a +0 club.
The gnoll throws a throwing net.
The throwing net hits you.
You become entangled in the net!
The gnoll barely misses you.
You are held in a net!
You are held in a net!
Unknown command.
You struggle against the net.
The gnoll hits you but does no damage.
You struggle against the net.
The gnoll hits you but does no damage. The gnoll hits you with a +0 flail.
The gnoll hits you with a +0 club.
You struggle against the net.
The gnoll hits you with a +0 club!
* * * LOW HITPOINT WARNING * * *
The gnoll barely misses you. You furiously retaliate!
You headbutt the gnoll.
You rip the net and break free!
The gnoll hits you with a +0 club!
* * * LOW HITPOINT WARNING * * *
The gnoll barely misses you. The gnoll hits you with a +0 club!
You die...

..............#...##########
).............#...#
..............#...#
..............#...#
<..##.........#...#
...##.........#...#
..............#...# #
...##...##....#...##....
...###'###....#.@g......
...#.......)..#.)g......
...#>....)....#.........
#####.........#.........
...##.........#.........
...#..........#.........
...#..........#...##....
...#....).....#...# ....
...##...##....#


You could see 2 gnolls.

Vanquished Creatures
  A phantom (D:4)
  An iron imp (D:3)
  A hound (D:4)
  An iguana (D:4)
  An orc wizard (D:4)
  3 adders
  A gnoll (D:4)
  A worm (D:2)
  3 dart slugs
  3 orcs (D:4)
  10 ball pythons
  5 bats
  8 endoplasms
  A giant cockroach (D:2)
  9 goblins
  6 hobgoblins
  3 kobolds
  2 quokkas (D:1)
  3 frilled lizards
  5 rats
68 creatures vanquished.

Notes
Turn   | Place    | Note
-------+----------+-------------------------------------------
     0 | D:1      | Tauromancer the Minotaur Fighter began the quest for the
                  | Orb.
     0 | D:1      | Reached XP level 1. HP: 19/19 MP: 0/0
    32 | D:1      | Reached skill level 3 in Axes
   104 | D:1      | Reached XP level 2. HP: 26/26 MP: 1/1
   277 | D:1      | Reached skill level 4 in Axes
   396 | D:1      | Reached XP level 3. HP: 31/31 MP: 2/2
  1058 | D:2      | Found a faded altar of an unknown god.
  1072 | D:2      | Reached skill level 5 in Axes
  1269 | D:2      | Found a stormy altar of Qazlal.
  1384 | D:3      | Found a bloodstained altar of Trog.
  1535 | D:3      | Reached XP level 4. HP: 35/39 MP: 3/3
  2075 | D:3      | Found a snail-covered altar of Cheibriados.
  2085 | D:3      | Reached skill level 6 in Axes
  2249 | D:2      | You fall into a shaft and drop 2 floors!
  2249 | D:4      | Found the +1 Delatra's gloves {ID++}
  2275 | D:4      | Reached XP level 5. HP: 45/45 MP: 4/4
  2326 | D:4      | Noticed a phantom
  2335 | D:4      | Killed a phantom
  2336 | D:4      | Reached skill level 7 in Axes
  2375 | D:4      | Reached XP level 6. HP: 13/51 MP: 5/5
  2776 | D:4      | Slain by a gnoll

Illustrated notes

Levels and vault maps discovered:
D:1:      heliophobic_arrival_battle_scene, layout_basic, minmay_box_of_dots
D:2:      minmay_wonky_spiral, layout_rooms, basic_altar,
          hellmonk_ecumenical_altar_leap_of_faith
D:3:      layout_loops_corners, chei_slow_surprise, old_standard_altar,
          nicolae_kikubaaqudgha_miasma_corner, uniq_robin
D:4:      layout_gridville, grunt_decor_one_mirror

Skill      XL: |  1  2  3  4  5 |
---------------+----------------+-----
Axes           | 3 4 5 6 7 |  7.9
Fighting       | |  3.6
Armour         | |  3.6
Shields        | |  3.6

Action                     |  1- 3 |  4- 6 || total
---------------------------+-------+-------++-------
  Melee: War axe           |    20 |       ||    20
         Headbutt          |    11 |     7 ||    18
         Broad axe         |    77 |    77 ||   154
    Use: Scroll            |       |     3 ||     3
 Armour: Scale mail        |    48 |     2 ||    50
         Chain mail        |       |    36 ||    36
  Dodge: Dodged            |    49 |    22 ||    71
  Block: Buckler           |    24 |     6 ||    30
